 Dungeon Crawl Stone Soup version 0.16-a0-1301-gf74d490 (webtiles) character file.

9141 Watarimono the Covert (level 11, 0/90 HPs)
             Began as a Human Assassin on Oct 15, 2014.
             Was a High Priest of Dithmenos.
             Slain by a six-headed hydra (8 damage)
             ... on level 1 of the Lair of Beasts.
             The game lasted 01:09:03 (10611 turns).

Watarimono the Covert (Human Assassin)             Turns: 10611, Time: 01:09:03

Health: 0/90       AC:  9    Str: 14    XL:     11   Next: 68%
Magic:  13/13      EV: 22    Int: 12    God:    Dithmenos [*****.]
Gold:   571        SH:  0    Dex: 17    Spells: 0 memorised, 10 levels left

rFire  . . .     SeeInvis .     a - +1 dagger (venom)
rCold  . . .     Clarity  .     n - +0 leather armour
rNeg   . . .     SustAb   .     (no shield)
rPois  .         Gourm    .     t - +2 hat
rElec  .         Spirit   .     d - +0 cloak
rCorr  .         Warding  .     (no gloves)
rMut   .         Stasis   .     (no boots)
MR     .....                    z - amulet of regeneration
Stlth  +++++++...               I - +3 ring of protection
                                S - +4 ring of evasion

@: hasted, wreathed by umbra, very quick, not resistant to hostile enchantments,
extremely stealthy
A: hooves 1, strong 1
a: Shadow Step, Shadow Form, Renounce Religion


You were on level 1 of the Lair of Beasts.
You worshipped Dithmenos.
Dithmenos was extremely pleased with you.
You were hungry.

You visited 2 branches of the dungeon, and saw 11 of its levels.
You also visited: Sewer.

You collected 571 gold pieces.

Inventory:

Hand weapons
 a - a +1 dagger of venom (weapon)
 b - a +0 blowgun
Missiles
 e - 83 poisoned needles
 f - 10 curare-tipped needles
 j - 3 needles of slowing
 B - 2 needles of sleeping
Armour
 d - a +0 cloak (worn)
 n - a +0 leather armour (worn)
 t - a +2 hat (worn)
Jewellery
 z - an amulet of regeneration (around neck)
 I - a +3 ring of protection (right hand)
 N - an uncursed ring of see invisible
 S - a +4 ring of evasion (left hand)
Magical devices
 c - a wand of frost (4)
 v - a wand of paralysis (6)
 y - a wand of polymorph (17)
 L - a wand of paralysis (19)
 P - a wand of digging (14)
 X - a wand of paralysis (17)
Scrolls
 i - a scroll of magic mapping {unknown}
 l - 3 scrolls of amnesia {unknown}
 s - 8 scrolls of teleportation {unknown}
 u - 4 scrolls of remove curse
 x - a scroll of blinking {unknown}
 C - a scroll of enchant weapon {unknown}
 M - 2 scrolls of vulnerability {unknown}
 T - 2 scrolls of fear {unknown}
 U - 2 scrolls of immolation {unknown}
 V - a scroll of enchant armour {unknown}
 Y - a scroll of silence {unknown}
Potions
 h - 5 potions of curing
 J - a potion of might
 K - a potion of heal wounds
Comestibles
 g - 6 bread rations
 k - 3 fruits
 m - 3 rotting chunks of crocodile flesh
 r - 3 meat rations
 E - 4 rotting chunks of hill giant flesh


   Skills:
 * Level 9.7 Fighting
 + Level 6.5 Short Blades
 - Level 2.0 Throwing
 - Level 2.0 Armour
 + Level 10.0 Dodging
 + Level 10.3 Stealth
 - Level 1.0 Evocations


You had 10 spell levels left.
You didn't know any spells.

Dungeon Overview and Level Annotations

Branches:
Dungeon (10/15)            Temple (0/1) D:5            Lair (1/8) D:10
    Orc: D:9-12

Altars:
Ashenzari
Dithmenos
Elyvilon
Kikubaaqudgha
Makhleb
Nemelex Xobeh
Qazlal
Ru
Vehumet
Yredelemnul
Zin
The Shining One


Innate Abilities, Weirdness & Mutations

You have large cloven feet.
Your muscles are strong. (Str +2)


Message History

The six-headed hydra misses you. x2
The six-headed hydra bites you.
You hit the six-headed hydra.
You kick the six-headed hydra, but do no damage.
The six-headed hydra is almost dead.
You hit the six-headed hydra.
You kick the six-headed hydra, but do no damage.
The six-headed hydra is almost dead.
The six-headed hydra barely misses you. The six-headed hydra bites you.
The six-headed hydra bites you! x2
* * * LOW HITPOINT WARNING * * *
The six-headed hydra bites you.
* * * LOW HITPOINT WARNING * * *
The six-headed hydra bites you but does no damage.
Drink which item? (? for menu, Esc to quit)
You feel yourself speed up. The six-headed hydra bites you!
* * * LOW HITPOINT WARNING * * *
The six-headed hydra completely misses you.
The six-headed hydra bites you!
You die...

# ......## #. #S..#..##
##. #.......# ###..
#[...P..#
#..?.##....P..##.
#...............
###.............##
#P........?......#
#.......D@......#
#......##...##P.....
#....## #....# #... ....
##...## ....## ... #....#
....## . #....## #....##
##....# ...>.# #...##
##....#
##P#.##...#######.....####


You could see a six-headed hydra and a water moccasin (sleeping).

Vanquished Creatures
  Erolcha (D:8)
  A hill giant (D:10)
  The ghost of Yermak the Covert, an experienced SpCj of Cheibriados (D:5)
  Maurice (D:10)
  Joseph (D:7)
  A troll (D:10)
  A griffon skeleton (D:10)
  A steam dragon (D:8)
  8 yaks (D:10)
  2 hungry ghosts
  A hippogriff (D:8)
  The ghost of SirDieALot the Digger, an average GrEE (Sewer)
  2 orc warriors
  3 ice beasts
  12 ogres
  A porcupine (Lair:1)
  2 sky beasts (D:8)
  4 centaurs
  A necrophage (D:8)
  2 crocodiles (D:10)
  2 big kobolds
  6 giant frogs
  An eye of draining (D:10)
  3 scorpions (D:7)
  10 killer bees
  3 wights (D:7)
  2 crimson imps
  A giant frog zombie (D:8)
  3 orc priests
  A goliath beetle (D:6)
  4 iguanas
  Crazy Yiuf (D:7)
  5 hounds
  8 orc wizards
  3 quasits
  8 worker ants
  Ijyb (D:2)
  A crocodile skeleton (D:10)
  A hound skeleton (D:10)
  4 green rats (Sewer)
  10 adders
  4 orc skeletons
  A shadow imp (D:10)
  A giant mite (D:3)
  2 worms (D:2)
  An iguana skeleton (D:7)
  6 giant geckos
  An ooze (D:3)
  26 orcs
  A ball python (D:3)
  15 bats
  17 goblins
  17 hobgoblins
  16 jackals
  20 kobolds
  2 quokkas
  8 giant cockroaches
  A giant gecko skeleton (D:5)
  18 giant newts
  A goblin skeleton (D:6)
  2 goblin zombies (D:6)
  2 hobgoblin zombies (D:6)
  4 kobold skeletons
  3 orc zombies
  16 rats
  A rat zombie (D:5)
311 creatures vanquished.

Notes
Turn   | Place    | Note
--------------------------------------------------------------
     0 | D:1      | Watarimono, the Human Assassin, began the quest for the Orb.
     0 | D:1      | Reached XP level 1. HP: 16/16 MP: 1/1
   144 | D:1      | Reached XP level 2. HP: 17/22 MP: 2/2
   410 | D:1      | Reached XP level 3. HP: 14/28 MP: 3/3
  1038 | D:2      | Reached XP level 4. HP: 25/34 MP: 4/4
  1538 | D:2      | Found a shadowy altar of Dithmenos.
  1543 | D:2      | Noticed Ijyb
  1547 | D:2      | Became a worshipper of Dithmenos the Shadowed
  1585 | D:2      | Killed Ijyb
  1692 | D:2      | Reached XP level 5. HP: 23/41 MP: 5/5
  2276 | D:3      | Found a glowing drain.
  2337 | Sewer    | Entered a sewer
  2353 | Sewer    | Reached XP level 6. HP: 24/48 MP: 6/6
  2525 | Sewer    | Noticed SirDieALot's ghost (average GrEE)
  2530 | Sewer    | Gained mutation: You have large cloven feet. [potion of mutation]
  2530 | Sewer    | Gained mutation: Your muscles are strong. (Str +2) [potion of mutation]
  2556 | Sewer    | Killed SirDieALot's ghost
  2556 | Sewer    | Reached skill level 1 in Armour
  2556 | Sewer    | Reached skill level 5 in Stealth
  2755 | Sewer    | Found a glowing silver altar of Zin.
  2895 | D:3      | Reached XP level 7. HP: 53/53 MP: 7/7
  3250 | D:3      | Acquired Dithmenos' first power
  3578 | D:4      | Found an ancient bone altar of Kikubaaqudgha.
  4091 | D:4      | Found a sparkling altar of Nemelex Xobeh.
  4287 | D:5      | Entered Level 5 of the Dungeon
  4426 | D:5      | Found a radiant altar of Vehumet.
  4435 | D:5      | Reached skill level 5 in Dodging
  4543 | D:5      | Reached XP level 8. HP: 61/61 MP: 8/8
  4605 | D:5      | Found a stormy altar of Qazlal.
  4990 | D:5      | Noticed Yermak's ghost (experienced SpCj)
  5044 | D:5      | Killed Yermak's ghost
  5044 | D:5      | Reached skill level 5 in Fighting
  5044 | D:5      | Reached skill level 6 in Dodging
  5154 | D:5      | Acquired Dithmenos' second power
  5361 | D:5      | Found a staircase to the Ecumenical Temple.
  5709 | D:6      | Reached XP level 9. HP: 66/68 MP: 9/9
  5728 | D:6      | Reached skill level 7 in Dodging
  5976 | D:6      | Reached skill level 1 in Evocations
  6072 | D:6      | Found a glowing golden altar of the Shining One.
  6539 | D:7      | Found a basalt altar of Yredelemnul.
  6700 | D:7      | Found a glowing silver altar of Zin.
  6713 | D:7      | Noticed Joseph
  6756 | D:7      | Killed Joseph
  7058 | D:7      | Noticed Crazy Yiuf
  7064 | D:7      | Killed Crazy Yiuf
  7451 | D:7      | Reached XP level 10. HP: 79/79 MP: 11/11
  7509 | D:8      | Acquired Dithmenos' third power
  7579 | D:8      | Noticed Erolcha
  7662 | D:8      | Reached skill level 5 in Short Blades
  7662 | D:8      | Reached skill level 8 in Stealth
  7727 | D:8      | Killed Erolcha
  8517 | D:9      | Reached skill level 9 in Stealth
  8768 | D:9      | Found a sacrificial altar of Ru.
  8770 | D:9      | Found a shattered altar of Ashenzari.
  9007 | D:9      | Reached XP level 11. HP: 87/87 MP: 13/13
  9015 | D:9      | Found a white marble altar of Elyvilon.
  9016 | D:9      | Found a burning altar of Makhleb.
  9127 | D:10     | Entered Level 10 of the Dungeon
  9385 | D:10     | Noticed Maurice
  9390 | D:10     | Killed Maurice
  9448 | D:10     | Found a staircase to the Lair.
  9455 | D:10     | Reached skill level 10 in Stealth
  9938 | D:10     | Acquired Dithmenos' fourth power
 10337 | D:10     | Noticed a hill giant
 10342 | D:10     | Killed a hill giant
 10342 | D:10     | Reached skill level 10 in Dodging
 10559 | Lair:1   | Entered Level 1 of the Lair of Beasts
 10593 | Lair:1   | Noticed a six-headed hydra
 10611 | Lair:1   | Slain by a six-headed hydra

Action                   |  1- 3 |  4- 6 |  7- 9 | 10-12 || total
-------------------------+-------+-------+-------+-------++-------
Melee: Dagger            |   133 |   207 |   555 |   606 ||  1501
 Fire: Blowgun           |       |     1 |       |     3 ||     4
Evoke: Wand              |       |       |    21 |     9 ||    30
  Use: Scroll            |       |     5 |     5 |     1 ||    11
       Potion            |       |     3 |     2 |     2 ||     7
 Stab: Sleeping          |     2 |     4 |    21 |    24 ||    51
       Paralysed         |       |       |     3 |     2 ||     5
       Distracted        |       |       |     2 |     2 ||     4
  Eat: Chunk             |     1 |     4 |    15 |    14 ||    34
       Bread ration      |       |       |     1 |       ||     1
